 Dungeon Crawl Stone Soup version 0.24-a0-640-ge7cd8ce796 (webtiles) character file.

Game seed: 18147282448806062460, levelgen mode: deterministic

145 Lentor the Covered (level 5, 0/33 HPs)
             Began as a Gargoyle Fighter on Sept 23, 2019.
             Slain by an orc warrior
             ... wielding a +0 halberd
              (9 damage)
             ... on level 3 of the Dungeon.
             The game lasted 00:03:11 (1841 turns).

Lentor the Covered (Gargoyle Fighter)               Turns: 1841, Time: 00:03:13

Health: 0/33       AC: 11    Str: 19    XL:     5   Next: 27%
Magic:  5/5        EV:  7    Int:  9    God:
Gold:   210        SH:  9    Dex: 10    Spells: 4/4 levels left

rFire    . . .     SeeInvis .   a - +0 flail
rCold    . . .     Gourm    .   c - +0 shield
rNeg     + . .     Faith    .   b - +0 scale mail
rPois    ∞         Spirit   .   (no helmet)
rElec    +         Reflect  .   (no cloak)
rCorr    .         Harm     .   (no gloves)
MR       .....                  (no boots)
Stlth    ..........             (no amulet)
HPRegen  0.11/turn              (no ring)
MPRegen  0.09/turn              (no ring)

@: slowed, very slow
A: negative energy resistance 1, electricity resistance, unbreathing,
petrification resistance, rot immunity, AC +4
a: no special abilities


You were on level 3 of the Dungeon.
You were not hungry.

You visited 1 branch of the dungeon, and saw 3 of its levels.

You collected 210 gold pieces.

Inventory:

Hand Weapons
 a - a +0 flail (weapon)
Missiles
 q - 5 stones (quivered)
Armour
 b - a +0 scale mail (worn)
 c - a +0 shield (worn)
Wands
 n - a wand of digging (5)
Scrolls
 g - a scroll of teleportation {unknown}
 i - 6 scrolls of identify {unknown}
 k - 4 scrolls of remove curse {unknown}
 l - a scroll of magic mapping {unknown}
 m - a scroll of immolation {unknown}
 s - a scroll of amnesia {unknown}
 t - a scroll of random uselessness {unknown}
Potions
 d - a potion of might
 e - 2 potions of curing
 h - a potion of lignification {unknown}
 j - a potion of haste {unknown}
 o - a potion of degeneration {unknown}
 p - a potion of flight {unknown}
 r - a potion of ambrosia {unknown}
Comestibles
 f - 2 rations


   Skills:
 + Level 3.9 Fighting
 + Level 3.0 Maces & Flails
 + Level 4.4 Armour
 + Level 0.9 Dodging
 + Level 4.1 Shields


You had 4 spell levels left.
You didn't know any spells.
Your spell library contained the following spells:

 Spells                   Type           Power        Failure   Level  Hunger
 Animate Skeleton         Necr           N/A          99%         1    ##.....
 Corona                   Hex            #......      99%         1    ##.....
 Pain                     Necr           #...         99%         1    ##.....
 Ensorcelled Hibernation  Hex/Ice        #.....       100%        2    ###....
 Confuse                  Hex            #.......     100%        3    ####...
 Dazzling Spray           Conj/Hex       #.....       100%        3    ####...
 Regeneration             Chrm/Necr      #.........   100%        3    ####...
 Tukima's Dance           Hex            #.......     100%        3    ####...
 Vampiric Draining        Necr           #.........   100%        3    ####...
 Animate Dead             Necr           N/A          100%        4    #####..


Dungeon Overview and Level Annotations

Branches:
Dungeon (3/15)

Altars:

Annotations:
D:3 1 transporter


Innate Abilities, Weirdness & Mutations

You are resistant to torment.
Your stone body is resilient. (AC +4)
You are immune to poison.
You resist negative energy. (rN+)
You are resistant to electric shocks. (rElec)
You can survive without breathing.
You are immune to petrification.
You are immune to rotting.


Message History

The orc wizard hits you with a +0 dagger.
A dart slug comes into view.
The orc wizard hits you but does no damage.
The orc wizard hits you with a +0 dagger.
* * * LOW HITPOINT WARNING * * *
You closely miss the orc wizard. You block the orc wizard's attack.
The giant cockroach waves its antennae.
The orc wizard hits you but does no damage.
You closely miss the orc wizard.
The orc wizard hits you but does no damage.
The orc wizard gestures at you while chanting.
You feel yourself slow down.
You hit the orc wizard but do no damage.
The orc wizard hits you but does no damage. x3
The orc warrior hits you from afar with a +0 halberd.
* * * LOW HITPOINT WARNING * * *
You block the orc wizard's attack. The orc wizard barely misses you.
A giant cockroach comes into view.
The orc warrior hits you from afar with a +0 halberd!
You die...

.##....©.....#.....# ##
.##.#######..#..#######
.##.#8.©.8#..#........#
.##.#P./.P#..#...####.#
.##.###+###..#...#
###.#≈...≈#..#...#
#.#≈...≈#..#...# #...#
# #..@####.# #..oowo..#
#..o#sw..# #........#
##.#.....# ...........
..##.#.....#.# .
#.#..[s.# # # #.....#


You could see an orc warrior, a worm, 2 orc wizards, a dart slug, an orc and 2
giant cockroaches.

Vanquished Creatures
  Natasha (twice) (D:2)
  2 adders
  3 worms (D:2)
  4 dart slugs
  A leopard gecko (D:2)
  An orc (D:3)
  A ball python (D:1)
  3 giant cockroaches (D:1)
  6 hobgoblins
  A jackal (D:3)
  6 kobolds
  10 bats
  9 frilled lizards
  5 goblins
  13 rats
67 creatures vanquished.

Notes
Turn   | Place    | Note
-------+----------+-------------------------------------------
     0 | D:1      | Lentor the Gargoyle Fighter began the quest for the Orb.
     0 | D:1      | Reached XP level 1. HP: 14/14 MP: 1/1
   112 | D:1      | Reached XP level 2. HP: 13/19 MP: 2/2
   264 | D:1      | Reached XP level 3. HP: 21/23 MP: 3/3
  1006 | D:2      | Reached XP level 4. HP: 16/28 MP: 4/4
  1100 | D:2      | Noticed Natasha
  1108 | D:2      | Killed Natasha
  1519 | D:2      | Noticed Natasha
  1529 | D:2      | Killed Natasha
  1529 | D:2      | Reached XP level 5. HP: 30/33 MP: 5/5
  1794 | D:3      | Found a transporter.
  1831 | D:3      | Noticed an orc warrior
  1841 | D:3      | Slain by an orc warrior

Levels and vault maps discovered:
D:1:      minmay_arrival_stair_chambers, layout_rooms,
          chequers_serial_rivers_marsh
D:2:      layout_loops_ring, chequers_serial_rivers_small_a, minmay_lizard_king,
          uniq_natasha
D:3:      gammafunk_steamed_eel, layout_basic

Skill      XL: |  1  2  3  4 |
---------------+-------------+-----
Shields        | 4 |  4.1
Maces & Flails | 3 |  3.0
Armour         | 4 |  4.4
Fighting       | |  3.9
Dodging        | |  0.9

Action                   |  1- 3 |  4- 6 || total
-------------------------+-------+-------++-------
Melee: Flail             |   187 |   118 ||   305
  Eat: Chunk             |     1 |     3 ||     4
Armor: Scale mail        |   154 |    79 ||   233
Dodge: Dodged            |    80 |    34 ||   114
Block: Shield            |   119 |    66 ||   185

Table legend:
 A = Non-vault XP
 B = Vault XP
 C = Vault XP percentage of total XP
 D = Non-vault monster count
 E = Vault monster count
 F = Vault count percentage of total count
                 A         B        C        D         E       F
            +---------+---------+-------+---------+---------+-------
      Total |     165 |      43 |  20.7 |      61 |       6 |   9.0
            +---------+---------+-------+---------+---------+-------
        D:1 |      39 |       0 |   0.0 |      24 |       0 |   0.0
        D:2 |      99 |      43 |  30.3 |      26 |       6 |  18.8
        D:3 |      27 |       0 |   0.0 |      11 |       0 |   0.0
            +---------+---------+-------+---------+---------+-------
